 Dungeon Crawl Stone Soup version 0.29.0-15-g675c0067aa (webtiles) character file.

Game seed: 17853779886969153293

469 qw the Cleaver (level 6, -5/52 HPs)
             Began as a Minotaur Berserker on Sept 12, 2022.
             Was a Believer of Trog.
             Slain by a gnoll sergeant
             ... wielding a +0 trident
              (12 damage)
             ... on level 4 of the Dungeon.
             The game lasted 00:00:57 (4178 turns).

qw the Cleaver (Minotaur Berserker)                 Turns: 4178, Time: 00:00:57

Health: -5/52      AC:  8    Str: 24    XL:     6   Next: 82%
Magic:  5/5        EV:  8    Int:  4    God:    Trog [**....]
Gold:   213        SH:  4    Dex:  9    Spells: 5/5 levels left

rFire   . . .      SeeInvis +   d - +0 broad axe
rCold   . . .      Faith    .   e - +0 buckler
rNeg    + . .      Spirit   .   l - +0 chain mail
rPois   .          Reflect  .   (helmet restricted)
rElec   .          Harm     .   (no cloak)
rCorr   .          Rampage  .   (no gloves)
Will    .....                   (no boots)
Stlth   ..........              (no amulet)
HPRegen 0.17/turn               i - ring of positive energy
MPRegen 0.09/turn               j - ring of see invisible

@: on berserk cooldown, slowed, very slow
A: horns 2, retaliatory headbutt
a: Renounce Religion, Berserk, Trog's Hand


You were on level 4 of the Dungeon.
You worshipped Trog.
Trog was pleased with you.
You visited 1 branch of the dungeon, and saw 5 of its levels.

You collected 213 gold pieces.


Innate Abilities, Weirdness & Mutations

You have a pair of horns on your head.
You reflexively headbutt those who attack you in melee.


   Skills:
 - Level 4.0 Fighting
 + Level 8.8 Axes
 - Level 2.4 Armour
 - Level 2.1 Dodging
 - Level 2.2 Shields


You had 5 spell levels left.
You didn't know any spells.
Your spell library was empty.

Inventory:

Hand Weapons
 a - a +0 mace
 d - a +0 broad axe (weapon)
Missiles
 b - 4 boomerangs (quivered)
Armour
 e - a +0 buckler (worn)
 h - a +0 plate armour
 l - a +0 chain mail (worn)
Jewellery
 i - a ring of positive energy (left hand)
 j - a ring of see invisible (right hand)
 n - the ring "Sait Giss" {rC+ EV+4 Str+4 Slay+2}
   (You found it on level 4 of the Dungeon)

   [ring of evasion]

   EV:        It affects your evasion (+4).
   Str:       It affects your strength (+4).
   Slay:      It affects your accuracy & damage with ranged weapons and melee
   (+2).
   rC:        It protects you from cold.
Scrolls
 g - a scroll of teleportation
 m - 2 scrolls of identify
Potions
 c - a potion of attraction {unknown}
 f - a potion of flight {unknown}
 k - a potion of haste {unknown}
 o - a potion of heal wounds {unknown}
 p - 4 potions of curing

Dungeon Overview and Level Annotations

Branches:
Dungeon (5/15)
 Temple: D:4-7

Altars:
Cheibriados
Okawaru
Sif Muna
Trog
Vehumet
Xom
The Shining One

Shops:
D:1 *   D:3 :


Message History

Your headbutt misses the gnoll sergeant.
The gnoll sergeant is moderately wounded.
You slash the gnoll sergeant!
Your headbutt misses the gnoll sergeant.
The gnoll sergeant is severely wounded.
You block the gnoll sergeant's attack.
You barely miss the gnoll sergeant.
Your headbutt misses the gnoll sergeant.
The gnoll sergeant is severely wounded.
The gnoll sergeant hits you with a +0 trident!
You barely miss the gnoll sergeant.
The gnoll sergeant is severely wounded.
You block the gnoll sergeant's attack.
You completely miss the gnoll sergeant.
The gnoll sergeant is severely wounded.
You are no longer berserk.
You are exhausted.
You feel yourself slow down.
The gnoll sergeant hits you with a +0 trident.
4163 ||| READING 2 scrolls of teleportation.
As you read the scroll of teleportation, it crumbles to dust.
You feel strangely unstable.
The gnoll sergeant hits you with a +0 trident!
You hit the gnoll sergeant.
You headbutt the gnoll sergeant, but do no damage.
The gnoll sergeant is almost dead.
Your surroundings suddenly seem different.
Enter note:
Enter note:
Enter note:
Enter note: You start resting.
A gnoll sergeant is nearby!
4175 ||| Stepping ~*~*~tactically~*~*~ (stealth).
You start resting.
A gnoll sergeant is nearby!
4177 ||| Stepping ~*~*~tactically~*~*~ (stealth).
4178 ||| Stepping ~*~*~tactically~*~*~ (stealth).
The gnoll sergeant hits you with a +0 trident!
You die...

######### #######.#######
........#######.............#
........##.............####.#
######..##.............####.#
.....#..##..................#
.....#.###..................#
..#..#.# #..................#
.....#.# ####...............#####
#....#.#### #...@................
#....#....###..g#################
.....#..........'...g............
..#..#....###...#########.##.####
.....###### ##### #~~~~.~~~~
.....# #~##~.~##~ ############ #~
##)## # #......####### #~ #)g)# #
#............# #~ #...#


You could see a gnoll sergeant.

Vanquished Creatures
  An orc warrior (D:4)
  A black bear (D:4)
  An orc priest (D:4)
  A hound (D:4)
  Terence (D:3)
  2 orc wizards (D:4)
  Robin (D:2)
  5 gnolls (D:4)
  2 adders (D:3)
  2 dart slugs
  3 orcs
  3 ball pythons
  A bat (D:3)
  6 endoplasms
  13 goblins
  7 hobgoblins
  3 jackals (D:1)
  6 kobolds
  4 quokkas
  A frilled lizard (D:3)
  2 rats
66 creatures vanquished.

Notes
Turn   | Place    | Note
-------+----------+-------------------------------------------
     0 | D:1      | qw the Minotaur Berserker began the quest for the Orb.
     0 | D:1      | Reached XP level 1. HP: 19/19 MP: 0/0
     0 | D:1      | 0 ||| qw: Version: 0.1-a-119-g272c26d
     0 | D:1      | 0 ||| qw: Game counter: 10795
     0 | D:1      | 0 ||| qw: Always use a shield: true
     0 | D:1      | 0 ||| qw: Do Orc after D:15 true
     0 | D:1      | 0 ||| qw: Do second Lair branch before Depths: true
     0 | D:1      | 0 ||| qw: Lair rune preference: random
     0 | D:1      | 0 ||| qw: Plans: Normal
     0 | D:1      | 0 ||| PLANNING D:1-11
   140 | D:1      | Reached skill level 4 in Axes
   308 | D:1      | 308 ||| Stepping ~*~*~tactically~*~*~ (stealth).
   313 | D:1      | Reached XP level 2. HP: 19/26 MP: 1/1
   477 | D:1      | 477 ||| Stepping ~*~*~tactically~*~*~ (hiding).
   663 | D:1      | Found Atank's General Store.
   669 | D:1      | 669 ||| SHOPLISTING scroll of teleportation (33 gold, have
                  | 28).
  1005 | D:1      | 1005 ||| UPGRADING to +0 ring mail.
  1015 | D:1      | 1015 ||| DROPPING +0 animal skin.
  1016 | D:1      | 1016 ||| UPGRADING to ring of positive energy.
  1017 | D:1      | 1017 ||| READING scroll labelled PAKANN CO HAWKAZO.
  1018 | D:1      | 1018 ||| READING scroll labelled MECERA ZAOC.
  1019 | D:1      | 1019 ||| READING 2 scrolls labelled RIEJYNK MAZXA.
  1023 | D:1      | 1023 ||| READING scroll labelled ARHOLO BOJOATAM.
  1153 | D:2      | 1153 ||| Stepping ~*~*~tactically~*~*~ (stealth).
  1154 | D:2      | 1154 ||| Stepping ~*~*~tactically~*~*~ (stealth).
  1155 | D:2      | 1155 ||| Stepping ~*~*~tactically~*~*~ (stealth).
  1193 | D:2      | Found a shimmering altar of Xom.
  1217 | D:2      | Reached skill level 5 in Axes
  1347 | D:2      | Reached XP level 3. HP: 29/31 MP: 2/2
  1395 | D:2      | 1395 ||| FLEEEEING.
  1396 | D:2      | 1396 ||| FLEEEEING.
  1623 | D:2      | Noticed Robin
  1630 | D:2      | 1630 ||| INVOKING Berserk.
  1633 | D:2      | Reached ** piety under Trog
  1634 | D:2      | Killed Robin
  1840 | D:2      | 1840 ||| UPGRADING to +0 buckler.
  1845 | D:2      | 1845 ||| UPGRADING to ring of see invisible.
  1846 | D:2      | 1846 ||| READING scroll labelled OMMOZXIHUM.
  1847 | D:2      | 1847 ||| READING 3 scrolls labelled GYCSO VUCVA.
  1848 | D:2      | 1848 ||| DROPPING 2 scrolls of magic mapping.
  1923 | D:3      | Noticed Terence
  1926 | D:3      | 1926 ||| INVOKING Berserk.
  1928 | D:3      | Killed Terence
  1929 | D:3      | Reached skill level 1 in Shields
  1929 | D:3      | Reached XP level 4. HP: 39/39 MP: 3/3
  2080 | D:3      | You fall into a shaft and drop 2 floors!
  2080 | D:5      | Entered Level 5 of the Dungeon
  2094 | D:5      | 2094 ||| UPGRADING to +0 scale mail.
  2104 | D:5      | 2104 ||| DROPPING +0 ring mail.
  2105 | D:5      | 2105 ||| READING scroll labelled VEG LOIHOR.
  2138 | D:4      | Found a radiant altar of Vehumet.
  2142 | D:4      | Reached skill level 6 in Axes
  2193 | D:4      | Found a glowing golden altar of the Shining One.
  2518 | D:3      | Reached XP level 5. HP: 42/45 MP: 4/4
  2661 | D:3      | Found Tustruf's Vocational Training.
  2893 | D:3      | Found a snail-covered altar of Cheibriados.
  2893 | D:3      | Found an iron altar of Okawaru.
  2952 | D:3      | 2952 ||| UPGRADING to +0 chain mail.
  2962 | D:3      | 2962 ||| DROPPING +0 scale mail.
  2963 | D:3      | 2963 ||| DROPPING ring of magical power.
  2964 | D:3      | 2964 ||| DRINKING 2 cyan potions.
  3045 | D:4      | Noticed a black bear
  3049 | D:4      | 3049 ||| INVOKING Berserk.
  3051 | D:4      | Killed a black bear
  3052 | D:4      | Reached skill level 7 in Axes
  3240 | D:4      | Found a shimmering blue altar of Sif Muna.
  3242 | D:4      | 3242 ||| INVOKING Berserk.
  3249 | D:4      | 3249 ||| DRINKING potion of curing.
  3249 | D:4      | 3249 ||| (to cure confusion)
  3395 | D:4      | Found a bloodstained altar of Trog.
  3395 | D:4      | Noticed an orc warrior
  3396 | D:4      | 3396 ||| INVOKING Berserk.
  3397 | D:4      | 3397 ||| INVOKING Berserk.
  3409 | D:4      | HP: 15/69 [orc warrior/+0 broad axe (10)]
  3410 | D:4      | Killed an orc warrior
  3411 | D:4      | Reached skill level 8 in Axes
  3411 | D:4      | Reached XP level 6. HP: 18/52 MP: 5/5
  3638 | D:4      | 3638 ||| SWAPPING to +0 broad axe.
  3639 | D:4      | 3639 ||| DROPPING +0 vorpal hand axe.
  3651 | D:4      | 3651 ||| Stepping ~*~*~tactically~*~*~ (hiding).
  3655 | D:4      | 3655 ||| INVOKING Berserk.
  3785 | D:4      | Identified the ring "Sait Giss" {rC+ EV+4 Str+4 Slay+2}
  4149 | D:4      | 4149 ||| INVOKING Berserk.
  4162 | D:4      | HP: 12/52 [gnoll sergeant/+0 trident (4)]
  4163 | D:4      | 4163 ||| READING 2 scrolls of teleportation.
  4163 | D:4      | HP: 3/52 [gnoll sergeant/+0 trident (9)]
  4175 | D:4      | 4175 ||| Stepping ~*~*~tactically~*~*~ (stealth).
  4177 | D:4      | 4177 ||| Stepping ~*~*~tactically~*~*~ (stealth).
  4178 | D:4      | 4178 ||| Stepping ~*~*~tactically~*~*~ (stealth).
  4178 | D:4      | Slain by a gnoll sergeant

Levels and vault maps discovered:
D:1:      dpeg_arrival_simpleton_b, layout_loops_ring, serial_shops,
          nicolae_shop_crystal
D:2:      layout_basic, basic_altar, uniq_robin
D:3:      layout_loops_ring, gammafunk_temple_overflow_statue,
          nicolae_shop_vocational, uniq_terence
D:4:      kennysheep_big_flooded_room, layout_basic,
          nzn_overflow_gifts_of_might_and_magic, lemuel_tele_altar,
          nicolae_vehumet_altar_sigil, kennysheep_pointless_box,
          lightli_minifort
D:5:      layout_basic, lemuel_crystal_altar, lemuel_coloured_pillars_altar,
          nicolae_dithmenos_shadow_blocks, minmay_temple_entry_statues

Skill      XL: |  1  2  3  4  5 |
---------------+----------------+-----
Axes           | 4 5 6 8 |  8.8
Shields        | 1 2 |  2.2
Fighting       | 4 |  4.0
Armour         | |  2.4
Dodging        | |  2.1

Action                   |  1- 3 |  4- 6 || total
-------------------------+-------+-------++-------
Melee: Hand axe          |    66 |    46 ||   112
       Headbutt          |     9 |     8 ||    17
       Broad axe         |       |    27 ||    27
Throw: Boomerang         |    21 |    25 ||    46
Invok: Berserk           |     2 |     5 ||     7
  Use: Scroll            |     6 |     2 ||     8
       Potion            |       |     2 ||     2
Armor: Animal skin       |     2 |       ||     2
       Ring mail         |    10 |       ||    10
       Scale mail        |       |     6 ||     6
       Chain mail        |       |     4 ||     4
Dodge: Dodged            |    35 |    20 ||    55
Block: Buckler           |     1 |    11 ||    12

Table legend:
 A = Non-vault XP
 B = Vault XP
 C = Vault XP percentage of total XP
 D = Non-vault monster count
 E = Vault monster count
 F = Vault count percentage of total count
                 A         B        C        D         E       F
            +---------+---------+-------+---------+---------+-------
      Total |     224 |     446 |  66.6 |      45 |      21 |  31.8
            +---------+---------+-------+---------+---------+-------
        D:1 |      25 |       0 |   0.0 |      12 |       0 |   0.0
        D:2 |      27 |      36 |  57.1 |      13 |      11 |  45.8
        D:3 |      41 |      36 |  46.8 |      10 |       1 |   9.1
        D:4 |     131 |     374 |  74.1 |      10 |       9 |  47.4
            +---------+---------+-------+---------+---------+-------
